 Dungeon Crawl Stone Soup version 0.27.1-3-gb3d3a73c9e (webtiles) character file.

Game seed: 7093985201367257381

129 ANNNA the Stinger (level 4, -2/24 HPs)
             Began as a Deep Elf Venom Mage on Oct 22, 2021.
             Slain by a gnoll (10 damage)
             ... on level 4 of the Dungeon.
             The game lasted 00:12:48 (4713 turns).

ANNNA the Stinger (Deep Elf Venom Mage)             Turns: 4713, Time: 00:12:49

Health: -2/24      AC:  7    Str:  6    XL:     4   Next: 88%
Magic:  7/12       EV: 12    Int: 20    God:
Gold:   121        SH:  0    Dex: 15    Spells: 1/11 levels left

rFire    + . .     SeeInvis .   t - +0 rapier
rCold    . . .     Faith    .   (no shield)
rNeg     . . .     Spirit   .   h - +2 robe {rF+}
rPois    .         Reflect  .   (no helmet)
rElec    .         Harm     .   j - +2 cloak
rCorr    .         Rampage  .   (no gloves)
Will     .....                  (no boots)
Stlth    ++........             m - amulet of the acrobat
HPRegen  0.08/turn              (no ring)
MPRegen  0.13/turn              (no ring)

@: no status effects
A: no striking features
a: no special abilities


You were on level 4 of the Dungeon.
You visited 1 branch of the dungeon, and saw 4 of its levels.

You collected 121 gold pieces.

Inventory:

Hand Weapons
 t - a +0 rapier (weapon)
Missiles
 g - 127 stones (quivered)
Armour
 h - a +2 robe of fire resistance (worn)
 j - a +2 cloak (worn)
 k - a +0 leather armour
Jewellery
 m - an amulet of the acrobat (around neck)
Scrolls
 a - 3 scrolls of identify {unknown}
 b - a scroll of enchant weapon {unknown}
 c - a scroll of noise {unknown}
 i - 2 scrolls of brand weapon {unknown}
 n - a scroll of blinking {unknown}
 o - a scroll of amnesia {unknown}
 p - a scroll of teleportation {unknown}
 r - a scroll of acquirement {unknown}
 s - a scroll of immolation {unknown}
Potions
 e - 2 potions of heal wounds {unknown}
 f - a potion of curing {unknown}
 l - a potion of might {unknown}
 q - a potion of brilliance {unknown}


   Skills:
 + Level 2.5 Dodging
 + Level 2.6 Stealth
 + Level 4.1 Spellcasting
 + Level 1.8 Transmutations
 + Level 1.5 Air Magic
 + Level 4.9 Poison Magic


You had one spell level left.
You knew the following spells:

 Your Spells              Type           Power      Damage    Failure   Level
a - Sting                 Tmut/Pois      68%        1d6       3%          1
b - Poisonous Vapours     Pois/Air       34%        N/A       4%          2
c - Mephitic Cloud        Conj/Pois/Air  12%        N/A       16%         3
d - Olgreb's Toxic Radia  Pois           23%        N/A       17%         4

Your spell library contained the following spells:

 Spells                   Type           Power      Damage    Failure   Level


Dungeon Overview and Level Annotations

Branches:
Dungeon (4/15)
 Temple: D:4-7

Altars:
Ashenzari
Nemelex Xobeh
Okawaru

Shops:
D:2 [


Message History

You see here a +0 short sword.
There is a stone staircase leading down here.
You climb downwards.
The ogre shouts!
Found a runed leather armour.
There is a stone staircase leading up here.
You climb upwards.
There is a stone staircase leading down here.
You see here a +0 short sword.
There is an open door here.
You see here a +0 club.
There is a stone staircase leading down here.
You climb downwards.
The gnoll hits you from afar with a +0 halberd!
There is a stone staircase leading up here.
Casting: Sting (safe; 3% risk of failure)
Confirm with . or Enter, or press ? or * to list all spells.
Aiming: Poisonous Vapours (safe; 4% risk of failure)
Press: ? - help, Dir - move target, f - gnoll
Aim: a gnoll, wielding a +0 halberd Poisonous vapours surround the gnoll!
The gnoll is poisoned.
The gnoll misses you.
Casting: Poisonous Vapours (safe; 4% risk of failure)
Confirm with . or Enter, or press ? or * to list all spells.
Aiming: Poisonous Vapours (safe; 4% risk of failure)
Press: ? - help, Dir - move target, f/p - gnoll
Aim: a gnoll, wielding a +0 halberd (poisoned) Poisonous vapours surround the gnoll!
The gnoll looks even sicker.
The gnoll hits you from afar with a +0 halberd!
Casting: Poisonous Vapours (safe; 4% risk of failure)
Confirm with . or Enter, or press ? or * to list all spells.
Aiming: Sting (safe; 3% risk of failure)
Press: ? - help, Shift-Dir - straight line, f/p - gnoll
Aim: a gnoll, wielding a +0 halberd (very poisoned, 77% to hit)
The sting hits the gnoll.
The gnoll looks even sicker.
The gnoll is moderately wounded.
The gnoll hits you from afar with a +0 halberd.
You can't go down here!
The gnoll hits you from afar with a +0 halberd!
You die...

########## .........#
########.#### ###
...........######.########
####.....................#
####.#......##.##........#
...........)'<............
###.#..)...#g.@#........#
#.#..)...#...#......... .
#......#...#.####+### .#
#####+##...#.# ###.#.#
..#.# ..#.. ..#


You could see a gnoll (very poisoned).

Vanquished Creatures
  An orc priest (D:3)
  2 gnolls
  2 adders (D:2)
  3 dart slugs
  6 orcs
  6 bats
  4 endoplasms
  A giant cockroach (D:3)
  4 hobgoblins (D:2)
  2 jackals (D:2)
  6 kobolds
  4 ball pythons
  4 frilled lizards
  3 goblins
  4 rats
52 creatures vanquished.

Notes
Turn   | Place    | Note
-------+----------+-------------------------------------------
     0 | D:1      | ANNNA the Deep Elf Venom Mage began the quest for the Orb.
     0 | D:1      | Reached XP level 1. HP: 10/10 MP: 6/6
   751 | D:1      | Reached XP level 2. HP: 8/15 MP: 5/8
   754 | D:1      | Learned a level 2 spell: Poisonous Vapours
  1254 | D:2      | Found Enipnar's Armour Boutique.
  1467 | D:2      | Reached XP level 3. HP: 17/19 MP: 3/10
  1529 | D:2      | Found a faded altar of an unknown god.
  2073 | D:2      | Learned a level 3 spell: Mephitic Cloud
  2358 | D:2      | Found a broken altar of Ashenzari.
  2724 | D:3      | Found a sparkling altar of Nemelex Xobeh.
  2923 | D:3      | Reached skill level 1 in Air Magic
  2923 | D:3      | Reached XP level 4. HP: 24/24 MP: 0/12
  3013 | D:2      | Learned a level 4 spell: Olgreb's Toxic Radiance
  3606 | D:3      | Found an iron altar of Okawaru.
  4045 | D:4      | Noticed a phantom
  4652 | D:4      | Noticed an ogre
  4713 | D:4      | Slain by a gnoll

Illustrated notes

Levels and vault maps discovered:
D:1:      erik_arrival_triangle_large, layout_loops_ring, minmay_crystal_room,
          st_stairs_14
D:2:      layout_basic, serial_shops, shop, ebering_ecumenical_altar_mist,
          basic_altar, minmay_misc_feat_iff
D:3:      layout_basic, okawaru_ov_weapons_minmay, lemuel_doored_altar
D:4:      layout_basic, zin_purify, minmay_temple_entry_wispy, minivault_4

Skill      XL: |  1  2  3 |
---------------+----------+-----
Poison Magic   | 4 |  4.9
Spellcasting   | 4 |  4.1
Air Magic      | 1 |  1.5
Dodging        | |  2.5
Stealth        | |  2.6
Transmutations | |  1.8

Action                   |  1- 3 |  4- 6 || total
-------------------------+-------+-------++-------
Melee: Short sword       |     5 |     2 ||     7
Throw: Stone             |     1 |       ||     1
 Cast: Sting             |    42 |    26 ||    68
       Poisonous Vapours |    45 |    19 ||    64
       Olgreb's Toxic Ra |       |     1 ||     1
  Use: Potion            |     1 |       ||     1
Armor: Robe              |     7 |    11 ||    18
Dodge: Dodged            |    23 |    29 ||    52
